AoeStats
← LanceYu

Arena

506627115Analyzed
4v4 RM · 17d ago on Sep 14, 2026· 40m 42s· 8 players
Game mode
Random Map
Map size
Large (8 player)
Population
200
Speed
Normal
Resources
Standard
Victory
Conquest
Starting age
Dark Age
Ending age
Imperial Age
RankedLock teamsTeams togetherTeam positionsShared explorationLock speedFull tech treeHidden civsTurbo modeCheats
Victory
Defeat
🇹🇼 Spanish · Taiwan
1518
+8
🇹🇼 Italians · Taiwan
1383
+13
🇹🇼 Lithuanians · Taiwan
1273
+17
🇹🇼 Bulgarians · Taiwan
1177
+22
🇹🇼 Ethiopians · Taiwan
1341
-16
🇻🇳 Hindustanis · Vietnam
1314
-15
🇮🇪 Maya · Ireland
1306
-15
🇩🇪 Burmese · Germany
1290
-14
Lexi ní Anord
0:29 Loom
12:15 Feudal Age
12:48 Double-Bit Axe
16:00 Castle Age
13:50 Horse Collar
15:52 Fletching
16:22 Scale Mail Armor
18:21 Bodkin Arrow
20:27 Wheelbarrow
21:06 Elite Skirmisher
23:49 Sanctity
23:42 Padded Archer Armor
24:39 Fervor
25:53 Crossbowman
KingDiss
10:29 Feudal Age
13:39 Loom
16:39 Castle Age
14:53 Horse Collar
16:34 Scale Barding Armor
20:47 Sanctity
22:13 Chain Barding Armor
22:18 Redemption
23:30 Gold Mining
29:40 Imperial Age
27:24 Bloodlines
27:48 Husbandry
29:27 Forging
30:07 Devotion
32:08 Plate Barding Armor
31:58 Heavy Plow
33:27 Iron Casting
clp0526
1:07 Loom
10:57 Feudal Age
15:25 Castle Age
13:50 Double-Bit Axe
17:00 Horse Collar
17:52 Heavy Plow
24:00 Wheelbarrow
24:59 Hand Cart
25:14 Gold Mining
25:15 Stone Mining
26:48 Gold Shaft Mining
28:05 Bow Saw
30:42 Imperial Age
28:53 Stone Shaft Mining
28:30 Forging
28:21 Scale Mail Armor
30:10 Iron Casting
29:52 Squires
30:15 Chain Mail Armor
30:38 Royal Heirs
30:46 Scale Barding Armor
30:52 Royal Heirs
32:09 Ballistics
33:04 Chemistry
33:23 Two-Man Saw
32:23 Heavy Scorpion
33:59 Fortified Wall
34:35 Plate Mail Armor
35:05 Blast Furnace
34:55 Torsion Engines
35:16 Conscription
36:21 Elite Shotel Warrior
37:44 Chain Barding Armor
37:28 Husbandry
36:49 Heavy Camel Rider
38:39 Fletching
38:49 Padded Archer Armor
39:27 Siege Engineers
39:32 Masonry
Cuong Boss
8:57 Feudal Age
11:57 Loom
14:34 Castle Age
12:52 Double-Bit Axe
13:53 Horse Collar
19:17 Heavy Plow
23:56 Wheelbarrow
26:46 Bow Saw
28:13 Stone Mining
29:51 Hand Cart
32:31 Imperial Age
30:11 Grand Trunk Road
30:17 Scale Barding Armor
30:30 Gold Mining
31:00 Forging
31:30 Chain Barding Armor
31:46 Bloodlines
32:06 Ballistics
32:24 Iron Casting
32:47 Gold Shaft Mining
31:58 Town Watch
32:31 Husbandry
32:44 Padded Archer Armor
34:19 Chemistry
34:04 Conscription
33:18 Heavy Camel Rider
34:24 Leather Archer Armor
34:31 Shatagni
36:12 Ring Archer Armor
35:29 Imperial Camel Rider
38:25 Plate Barding Armor
38:00 Light Cavalry
38:52 Fletching
39:19 Siege Engineers
40:19 Bodkin Arrow
Oscar_Lee
10:57 Feudal Age
14:59 Castle Age
13:31 Double-Bit Axe
14:52 Horse Collar
21:44 Bow Saw
21:32 Gold Mining
23:58 Wheelbarrow
24:03 Heavy Plow
24:45 Stone Mining
25:30 Hand Cart
26:49 Town Watch
26:50 Loom
26:50 Pikeman
27:31 Squires
27:16 Arson
30:51 Imperial Age
30:11 Gold Shaft Mining
30:12 Stone Shaft Mining
29:40 Scale Mail Armor
29:51 Forging
30:59 Chain Mail Armor
31:20 Iron Casting
30:57 Halberdier
31:21 Onager
32:35 Plate Mail Armor
33:05 Blast Furnace
32:14 Siege Engineers
33:17 Caravan
33:48 Coinage
33:48 Conscription
34:12 Siege Onager
礦石頭人
9:40 Feudal Age
16:30 Castle Age
14:45 Double-Bit Axe
14:59 Horse Collar
18:17 Bow Saw
20:24 Loom
21:19 Wheelbarrow
20:50 Heavy Plow
26:41 Light Cavalry
30:05 Hand Cart
30:10 Fervor
33:21 Imperial Age
30:48 Gold Mining
31:16 Husbandry
31:26 Bloodlines
31:27 Forging
31:22 Scale Barding Armor
33:57 Iron Casting
33:42 Chain Barding Armor
33:57 Cavalier
36:35 Plate Barding Armor
37:06 Masonry
37:01 Scale Mail Armor
38:02 Squires
37:54 Pikeman
39:19 Conscription
40:23 Halberdier
HanShiba
10:46 Feudal Age
15:20 Castle Age
13:48 Loom
14:04 Double-Bit Axe
14:44 Horse Collar
16:44 Bow Saw
19:17 Padded Archer Armor
23:36 Leather Archer Armor
35:07 Imperial Age
33:37 Husbandry
33:48 Bloodlines
36:27 Wheelbarrow
36:23 Conscription
37:13 Heavy Plow
38:18 Hand Cart
37:30 Elite Conquistador
39:55 Ring Archer Armor
41:45 Chemistry
LanceYu
10:23 Feudal Age
11:40 Double-Bit Axe
11:50 Horse Collar
14:25 Castle Age
15:23 Bow Saw
15:31 Heavy Plow
20:06 Wheelbarrow
22:59 Hand Cart
22:34 Town Watch
23:16 Stone Mining
23:16 Gold Mining
27:41 Imperial Age
24:58 Loom
25:47 Scale Mail Armor
25:35 Treadmill Crane
26:24 Forging
26:32 Chain Mail Armor
26:27 Squires
26:39 Arson
28:35 Iron Casting
29:22 Chemistry
28:44 Conscription
28:58 Plate Mail Armor
32:59 Blast Furnace
32:53 Caravan
33:23 Coinage
33:34 Silk Road
34:39 Crop Rotation
36:19 Banking
36:54 Fletching
37:04 Padded Archer Armor
37:29 Pirotechnia
37:17 Bodkin Arrow
37:44 Ballistics
38:14 Town Patrol
39:02 Leather Archer Armor
38:48 Bracer
39:25 Guilds
39:55 Hoardings
39:36 Masonry
Connection lost

Rejoining the realm…

Still unreachable

The connection could not be restored.

Session expired

The server has moved on; the page needs a fresh start.